NWL (28 & UNDER)
LA CROSSE LOGGERS @ MENLO MANIACS
06/01/2023
 
TOP OF THE 1ST
La Crosse Loggers batting - Pitching for Menlo Maniacs : RHP Júlio Castro
Pitching: RHP Júlio Castro
Batting: LHB Ricardo Ruíz 0-0: Ball
1-0: TRIPLE (Line Drive, 7LM)
Batting: LHB Oliver Beltrán 0-0: Swinging Strike
0-1: Swinging Strike
0-2: Foul Ball, location: 2F
0-2: Strikes out looking
Batting: RHB Paul Bailey 0-0: Fly out, F8 (Flyball, 8LS)
Batting: LHB José Santos 0-0: Ball
1-0: Swinging Strike
1-1: Reached on Error, E7 (Line Drive, 78S)
Ricardo Ruíz scores
Batting: LHB Enrique Tirado 0-0: Foul Ball, location: 2F
0-1: Foul Ball, location: 2F
0-2: Strikes out swinging
Top of the 1st over - 1 run(s), 1 hit(s), 1 error(s), 1 left on base; La Crosse 1 - Menlo 0
BOTTOM OF THE 1ST
Menlo Maniacs batting - Pitching for La Crosse Loggers : RHP Cisco Vázquez
Pitching: RHP Cisco Vázquez
Batting: LHB Warren Potter 0-0: Fly out, F7 (Flyball, 78S)
Batting: RHB Alberto Hernández 0-0: Ball
1-0: Ball
2-0: Called Strike
2-1: SINGLE (Line Drive, 6M)
Batting: LHB Vincente Sáenz 0-0: Ball
1-0: Foul Ball, location: 2F
1-1: Ball
2-1: Ball
3-1: Base on Balls
Alberto Hernández to second
Batting: RHB Daryl Floyd 0-0: Swinging Strike
0-1: Foul Ball, location: 2F
0-2: Foul Ball, location: 2F
0-2: Foul Ball, location: 2F
0-2: Ball
1-2: Strikes out swinging
Batting: LHB Roger Moore 0-0: Ball
1-0: SINGLE (Groundball, 34D)
Alberto Hernández to third
Vincente Sáenz to second
Runner from 3rd tries for Home, SAFE, no throw or cutoff
Batting: RHB Tom Meyer 0-0: Called Strike
0-1: Ball
1-1: Swinging Strike
1-2: Ball
2-2: Ball
3-2: Strikes out swinging
Bottom of the 1st over - 1 run(s), 2 hit(s), 0 error(s), 2 left on base; La Crosse 1 - Menlo 1
TOP OF THE 2ND
La Crosse Loggers batting - Pitching for Menlo Maniacs : RHP Júlio Castro
Batting: RHB Fraser Stanton 0-0: Bunt for hit - play at first, batter safe!
Batting: RHB Sergio Sánchez 0-0: Foul Ball, location: 2F
0-1: Swinging Strike
0-2: Strikes out looking
Batting: RHB Vicente Vélez 0-0: Ball
1-0: DOUBLE (Line Drive, 9LS)
Fraser Stanton to third
Batting: RHB Jimmy Smith 0-0: Called Strike
0-1: Ball
1-1: Ground out 6-3 (Groundball, 6)
Fraser Stanton scores
Batting: LHB Ricardo Ruíz 0-0: Swinging Strike
0-1: Ball
1-1: Ball
2-1: Ball
3-1: Fly out, F8 (Flyball, 8RM)
Top of the 2nd over - 1 run(s), 2 hit(s), 0 error(s), 1 left on base; La Crosse 2 - Menlo 1
BOTTOM OF THE 2ND
Menlo Maniacs batting - Pitching for La Crosse Loggers : RHP Cisco Vázquez
Batting: LHB Glen Martin 0-0: Ball
1-0: Ball
2-0: Ball
3-0: Called Strike
3-1: Base on Balls
Batting: RHB Yasuhiko Sumita 0-0: Foul Ball, location: 2F
0-1: Swinging Strike
0-2: Foul Ball, location: 2F
0-2: Foul Ball, location: 2F
0-2: Ball
1-2: Ball
2-2: Strikes out swinging
Batting: RHB Jesús Cuevas 0-0: Ball
1-0: Fly out, F8 (Flyball, 8RM)
Batting: LHB Warren Potter 0-0: Ground out 4-3 (Groundball, 4)
Bottom of the 2nd over - 0 run(s), 0 hit(s), 0 error(s), 1 left on base; La Crosse 2 - Menlo 1
TOP OF THE 3RD
La Crosse Loggers batting - Pitching for Menlo Maniacs : RHP Júlio Castro
Batting: LHB Oliver Beltrán 0-0: Ball
1-0: Swinging Strike
1-1: Foul Ball, location: 2F
1-2: Ball
2-2: Foul Ball, location: 2F
2-2: Ball
3-2: Foul Ball, location: 2F
3-2: Base on Balls
Batting: RHB Paul Bailey 0-0: Ball
1-0: Foul Ball, location: 2F
1-1: Grounds into double play, 4-6-3 (Groundball, 4)
Batting: LHB José Santos 0-0: Ground out 3-1 (Groundball, 34)
Top of the 3rd over - 0 run(s), 0 hit(s), 0 error(s), 0 left on base; La Crosse 2 - Menlo 1
BOTTOM OF THE 3RD
Menlo Maniacs batting - Pitching for La Crosse Loggers : RHP Cisco Vázquez
Batting: RHB Alberto Hernández 0-0: Ball
1-0: Foul Ball, location: 2F
1-1: Ball
2-1: Foul Ball, location: 2F
2-2: Ball
3-2: Ground out 4-3 (Groundball, 4)
Batting: LHB Vincente Sáenz 0-0: Ball
1-0: Ground out 6-3 (Groundball, 6)
Batting: RHB Daryl Floyd 0-0: Ball
1-0: Foul Ball, location: 2F
1-1: Fly out, F9 (Line Drive, 89M)
Bottom of the 3rd over - 0 run(s), 0 hit(s), 0 error(s), 0 left on base; La Crosse 2 - Menlo 1
TOP OF THE 4TH
La Crosse Loggers batting - Pitching for Menlo Maniacs : RHP Júlio Castro
Batting: LHB Enrique Tirado 0-0: Foul Ball, location: 2F
0-1: Ball
1-1: Hit by Pitch
Batting: RHB Fraser Stanton 0-0: Foul Ball, location: 2F
0-1: Ball
1-1: Ball
2-1: Swinging Strike
2-2: Ball
3-2: Strikes out swinging
Enrique Tirado is caught stealing 2nd base
Batter strikes out.
Batting: RHB Sergio Sánchez 0-0: Called Strike
0-1: Ball
1-1: Called Strike
1-2: Strikes out looking
Top of the 4th over - 0 run(s), 0 hit(s), 0 error(s), 0 left on base; La Crosse 2 - Menlo 1
BOTTOM OF THE 4TH
Menlo Maniacs batting - Pitching for La Crosse Loggers : RHP Cisco Vázquez
Batting: LHB Roger Moore 0-0: Ball
1-0: Ball
2-0: Ball
3-0: Foul Ball, location: 2F
3-1: Base on Balls
Batting: RHB Tom Meyer 0-0: Called Strike
0-1: Ball
1-1: Ball
2-1: Called Strike
2-2: 2-RUN HOME RUN (Flyball, 78XD), Distance : 396 ft
Batting: LHB Glen Martin 0-0: Ball
1-0: Called Strike
1-1: Ball
2-1: Called Strike
2-2: Ball
3-2: Foul Ball, location: 2F
3-2: Foul Ball, location: 2F
3-2: Ground out 4-3 (Groundball, 4)
Batting: RHB Yasuhiko Sumita 0-0: Ball
1-0: Ball
2-0: Ground out 2-3 (Groundball, 2L)
Batting: RHB Jesús Cuevas 0-0: Ball
1-0: Foul Ball, location: 2F
1-1: Ball
2-1: Foul Ball, location: 2F
2-2: Foul Ball, location: 2F
2-2: Foul Ball, location: 2F
2-2: Ball
3-2: Strikes out swinging
Bottom of the 4th over - 2 run(s), 1 hit(s), 0 error(s), 0 left on base; La Crosse 2 - Menlo 3
TOP OF THE 5TH
La Crosse Loggers batting - Pitching for Menlo Maniacs : RHP Júlio Castro
Batting: RHB Vicente Vélez 0-0: Foul Ball, location: 2F
0-1: Foul Ball, location: 2F
0-2: Fly out, F9 (Flyball, 89M)
Batting: RHB Jimmy Smith 0-0: Swinging Strike
0-1: Ball
1-1: Ball
2-1: SINGLE (Line Drive, 56D)
Batting: LHB Ricardo Ruíz 0-0: Ball
1-0: Called Strike
1-1: Ball
2-1: Fly out, F7 (Flyball, 78S)
Batting: LHB Oliver Beltrán 0-0: Called Strike
0-1: Foul Ball, location: 2F
0-2: SINGLE (Groundball, 4MD)
Jimmy Smith to second
Runner from 2nd tries for 3rd, OUT after rundown.
Top of the 5th over - 0 run(s), 2 hit(s), 0 error(s), 1 left on base; La Crosse 2 - Menlo 3
BOTTOM OF THE 5TH
Menlo Maniacs batting - Pitching for La Crosse Loggers : RHP Cisco Vázquez
Batting: LHB Warren Potter 0-0: Ball
1-0: Fly out, F6 (Line Drive, 6M)
Batting: RHB Alberto Hernández 0-0: Ball
1-0: Swinging Strike
1-1: Ground out 5-3 (Groundball, 56)
Batting: LHB Vincente Sáenz 0-0: Ball
1-0: Ball
2-0: Ball
3-0: Foul Ball, location: 2F
3-1: Base on Balls
Batting: RHB Daryl Floyd 0-0: Ball
1-0: Called Strike
1-1: Ball
2-1: Fielders Choice at 2nd, 5-4 (Groundball, 56)
Bottom of the 5th over - 0 run(s), 0 hit(s), 0 error(s), 0 left on base; La Crosse 2 - Menlo 3
TOP OF THE 6TH
La Crosse Loggers batting - Pitching for Menlo Maniacs : RHP Júlio Castro
Batting: RHB Paul Bailey 0-0: Ball
1-0: Ball
2-0: Ball
3-0: Called Strike
3-1: Ground out 4-3 (Groundball, 4)
Batting: LHB José Santos 0-0: SINGLE (Line Drive, 56)
Batting: LHB Enrique Tirado 0-0: Ball
1-0: Grounds into double play, 4-6-3 (Groundball, 4)
Top of the 6th over - 0 run(s), 1 hit(s), 0 error(s), 0 left on base; La Crosse 2 - Menlo 3
BOTTOM OF THE 6TH
Menlo Maniacs batting - Pitching for La Crosse Loggers : RHP Cisco Vázquez
Batting: LHB Roger Moore 0-0: Ball
1-0: Called Strike
1-1: Ground out 1-3 (Groundball, 25)
Pitching: LHP Nathan Ortíz
Batting: RHB Tom Meyer 0-0: Ball
1-0: Swinging Strike
1-1: Called Strike
1-2: Strikes out swinging
Batting: LHB Glen Martin 0-0: Ball
1-0: Fly out, F4 (Popup, 4MS)
Bottom of the 6th over - 0 run(s), 0 hit(s), 0 error(s), 0 left on base; La Crosse 2 - Menlo 3
TOP OF THE 7TH
La Crosse Loggers batting - Pitching for Menlo Maniacs : RHP Júlio Castro
Batting: RHB Fraser Stanton 0-0: Ground out 3-1 (Groundball, 34)
Batting: RHB Sergio Sánchez 0-0: Ground out 5-3 (Groundball, 5L)
Batting: RHB Vicente Vélez 0-0: Foul Ball, location: 2F
0-1: Swinging Strike
0-2: Ball
1-2: Strikes out swinging
Top of the 7th over - 0 run(s), 0 hit(s), 0 error(s), 0 left on base; La Crosse 2 - Menlo 3
BOTTOM OF THE 7TH
Menlo Maniacs batting - Pitching for La Crosse Loggers : LHP Nathan Ortíz
Batting: RHB Yasuhiko Sumita 0-0: Fly out, F4 (Popup, 4MD)
Batting: RHB Jesús Cuevas 0-0: Called Strike
0-1: Ball
1-1: Ball
2-1: Fly out, F8 (Popup, 8RS)
Batting: LHB Warren Potter 0-0: Ball
1-0: Ball
2-0: Ground out U3 (Groundball, 3)
Bottom of the 7th over - 0 run(s), 0 hit(s), 0 error(s), 0 left on base; La Crosse 2 - Menlo 3
TOP OF THE 8TH
La Crosse Loggers batting - Pitching for Menlo Maniacs : RHP Júlio Castro
Batting: RHB Jimmy Smith 0-0: Foul Ball, location: 2F
0-1: Ball
1-1: Swinging Strike
1-2: Foul Ball, location: 2F
1-2: Ball
2-2: Ball
3-2: Base on Balls
Batting: LHB Ricardo Ruíz 0-0: Bunt missed!
0-1: Sac Bunt - play at first, batter OUT! 1-4
Jimmy Smith to second
Batting: LHB Oliver Beltrán 0-0: Ball
1-0: Ground out 1-3 (Groundball, 13S)
Jimmy Smith to third
Batting: RHB Paul Bailey 0-0: Ball
1-0: Foul Ball, location: 2F
1-1: Ball
2-1: Called Strike
2-2: Reached on error, E6 (Groundball, 6)
Jimmy Smith scores
Pitching: RHP William Simpson
Batting: LHB José Santos 0-0: Ball
1-0: Ball
2-0: Called Strike
2-1: Fly out, F7 (Flyball, 78M)
Top of the 8th over - 1 run(s), 0 hit(s), 1 error(s), 1 left on base; La Crosse 3 - Menlo 3
BOTTOM OF THE 8TH
Menlo Maniacs batting - Pitching for La Crosse Loggers : LHP Nathan Ortíz
Batting: RHB Alberto Hernández 0-0: SINGLE (Groundball, 6)
Batting: LHB Vincente Sáenz 0-0: Fly out, F8 (Flyball, 8LM)
Pitching: RHP Andy Parker
Batting: RHB Daryl Floyd 0-0: Ball
1-0: Grounds into double play, 6-4-3 (Groundball, 6M)
Bottom of the 8th over - 0 run(s), 1 hit(s), 0 error(s), 0 left on base; La Crosse 3 - Menlo 3
TOP OF THE 9TH
La Crosse Loggers batting - Pitching for Menlo Maniacs : RHP William Simpson
Pitching: RHP Dan Wilson
Batting: LHB Enrique Tirado 0-0: Ball
1-0: SOLO HOME RUN (Line Drive, 9D), Distance : 386 ft
Batting: RHB Fraser Stanton 0-0: Ground out U3 (Groundball, 3S)
Batting: RHB Sergio Sánchez 0-0: Ball
1-0: Foul Ball, location: 2F
1-1: Swinging Strike
1-2: Strikes out swinging
Batting: RHB Vicente Vélez 0-0: Ball
1-0: Ball
2-0: Ball
3-0: Base on Balls
Pinch Runner at 1st Jon Kenney:
Batting: RHB Jimmy Smith 0-0: Ball
1-0: Called Strike
1-1: Called Strike
1-2: Fielders Choice at 2nd, 6-4 (Groundball, 6)
Top of the 9th over - 1 run(s), 1 hit(s), 0 error(s), 0 left on base; La Crosse 4 - Menlo 3
BOTTOM OF THE 9TH
Menlo Maniacs batting - Pitching for La Crosse Loggers : RHP Andy Parker
Pitching: RHP Mark Tidwell
Now at 1B: David Doyle
Batting: LHB Roger Moore 0-0: Ball
1-0: Foul Ball, location: 2F
1-1: Foul Ball, location: 2F
1-2: Ground out 3-1 (Groundball, 3)
Batting: RHB Tom Meyer 0-0: Foul Ball, location: 2F
0-1: Ball
1-1: Ball
2-1: Fly out, F2 (Popup, 2RF)
Batting: LHB Glen Martin 0-0: Ball
1-0: Called Strike
1-1: Foul Ball, location: 2F
1-2: Fly out, F9 (Flyball, 89S)
Bottom of the 9th over - 0 run(s), 0 hit(s), 0 error(s), 0 left on base; La Crosse 4 - Menlo 3
This league is powered by Out of the Park Baseball, the baseball management simulation game for PC, Mac and Linux
Wednesday, December 2nd, 2015 - OOTP Baseball 16.8 Build 38